 Dungeon Crawl Stone Soup version 0.24-a0-335-g06ca16a (webtiles) character file.

Game seed: 8423443678236234298

50 MisterFreud the Changer (level 3, 0/15 HPs)
             Began as a Felid Transmuter on May 18, 2019.
             Hit by a javelin thrown by a hobgoblin (11 damage)
             ... on level 2 of the Dungeon.
             The game lasted 00:03:34 (1789 turns).

MisterFreud the Changer (Felid Transmuter)          Turns: 1789, Time: 00:03:34

Health: 0/15       AC:  1    Str:  6    XL:     3   Next: 55%
Magic:  7/7        EV: 18    Int: 15    God:
Gold:   53         SH:  0    Dex: 16    Spells: 1/7 levels left
                                        Lives:  0   Deaths: 0

rFire    . . .     SeeInvis +     - Unarmed
rCold    . . .     Gourm    .   (shield unavailable)
rNeg     . . .     Faith    .   (armour unavailable)
rPois    .         Spirit   .   (helmet unavailable)
rElec    .         Reflect  .   (cloak unavailable)
rCorr    .         Harm     .   (gloves unavailable)
MR       .....                  (boots unavailable)
Stlth    ++........             (no amulet)
HPRegen  0.05/turn              (no ring)
MPRegen  0.10/turn              (no ring)

@: quick
A: very small, no armour, no weapons or thrown items, stealth, claws 1, fangs 3,
see invisible, carnivore, speed 1, shaggy fur 1, slow metabolism 1, sharp paws
a: no special abilities


You were on level 2 of the Dungeon.
You were very full.

You visited 1 branch of the dungeon, and saw 2 of its levels.

You collected 53 gold pieces.

Inventory:

Missiles
 a - 31 arrows
Jewellery
 g - an uncursed ring of ice
Scrolls
 e - a scroll of fog {unknown}
Potions
 b - a potion of curing {unknown}
 d - a potion of lignification {unknown}
 f - a potion of resistance {unknown}
 h - a potion of degeneration {unknown}
Comestibles
 c - 3 rations


   Skills:
 - Level 1.0 Fighting
 - Level 2.6 Dodging
 + Level 0.5 Stealth
 - Level 3.0 Unarmed Combat
 + Level 2.6 Spellcasting
 * Level 3.7 Transmutations


You had one spell level left.
You knew the following spells:

 Your Spells              Type           Power        Failure   Level  Hunger
a - Beastly Appendage     Tmut           ##....       4%          1    #......
b - Sticks to Snakes      Tmut           ##......     7%          2    ###....
c - Spider Form           Tmut/Pois      #.........   28%         3    ###....

Your spell library contained the following spells:

 Spells                   Type           Power        Failure   Level  Hunger
 Ice Form                 Ice/Tmut       #.......     67%         4    #####..
 Blade Hands              Tmut           ##........   77%         5    ######.


Dungeon Overview and Level Annotations

Branches:
Dungeon (2/15)

Altars:


Innate Abilities, Weirdness & Mutations

You cannot wear armour.
You are incapable of wielding weapons or throwing items.
Your paws allow you to move quietly. (Stealth)
You have sharp claws.
You have razor-sharp teeth.
You have supernaturally acute eyesight. (SInv)
You are carnivorous and can eat meat at any time.
You cover ground quickly.
You are covered in fur. (AC +1)
You have a slow metabolism.
Your sharp claws are effective at attacking unaware monsters.


Message History

The worm is lightly wounded.
The worm closely misses you.
You hit the worm.
The worm looks as sick as possible!
The worm is severely wounded.
You see here a stone.
You see here a stone.
Your transformation has ended.
You kill the worm!
A giant cockroach comes into view.
A giant cockroach is nearby!
The giant cockroach closely misses you.
You scratch the giant cockroach.
You kill the giant cockroach!
No target in view!
No target in view!
You see here a giant cockroach corpse.
The hobgoblin is too close now for your liking.
The hobgoblin throws a javelin.
The javelin pierces through you!
Ouch! That really hurt!
You die...

...........### #..
.....#
.##...##.....####...
...#
.##...##........#.##
.##...##.....##....##.
.##...##........##....
.###.###...........##
...#.# ###...#†###...
##...# #..#.#...#
###.# #.##.###@# #.#
... #............
#....## #.......#####
#.... #........# .....
.......##..
..........g.. ##.
........#.... ..
...#.#####.... .?


You could see a hobgoblin.

Vanquished Creatures
  An ooze (D:2)
  2 worms (D:2)
  2 ball pythons
  6 giant cockroaches
  3 goblins
  4 hobgoblins
  5 kobolds
  2 quokkas (D:2)
  3 bats (D:1)
  2 frilled lizards
  7 rats
37 creatures vanquished.

Notes
Turn   | Place    | Note
-------+----------+-------------------------------------------
     0 | D:1      | MisterFreud the Felid Transmuter began the quest for the
                  | Orb.
     0 | D:1      | Reached XP level 1. HP: 9/9 MP: 4/4
   343 | D:1      | Reached XP level 2. HP: 12/12 MP: 6/6
  1243 | D:2      | Reached XP level 3. HP: 13/15 MP: 7/7
  1258 | D:2      | Learned a level 2 spell: Sticks to Snakes
  1262 | D:2      | Learned a level 3 spell: Spider Form
  1789 | D:2      | Hit by a javelin thrown by a hobgoblin

Levels and vault maps discovered:
D:1:      scummos_arrival_star, layout_loops_corners
D:2:      layout_rooms

Skill      XL: |  1  2 |
---------------+-------+-----
Transmutations | 3 |  3.7
Fighting       | |  1.0
Dodging        | |  2.6
Stealth        | |  0.5
Unarmed Combat | |  3.0
Spellcasting   | |  2.6

Action                   || total
-------------------------++-------
Melee: Unarmed           ||   117
       Bite              ||     7
       Punch             ||     2
 Cast: Spider Form       ||     3
 Stab: Sleeping          ||     8
  Eat: Chunk             ||     9
Armor: Skin              ||     3
Dodge: Dodged            ||    84

Table legend:
 A = Non-vault XP
 B = Vault XP
 C = Vault XP percentage of total XP
 D = Non-vault monster count
 E = Vault monster count
 F = Vault count percentage of total count
                 A         B        C        D         E       F
            +---------+---------+-------+---------+---------+-------
      Total |      72 |       0 |   0.0 |      37 |       0 |   0.0
            +---------+---------+-------+---------+---------+-------
        D:1 |      30 |       0 |   0.0 |      19 |       0 |   0.0
        D:2 |      42 |       0 |   0.0 |      18 |       0 |   0.0
            +---------+---------+-------+---------+---------+-------
